 Dungeon Crawl Stone Soup version 0.30-a0-737-gf23d94013f (webtiles) character file.

Game seed: 5197008310410247442

1421 cheesebisquit the Cleaver (level 8, 3/64 HPs)
             Began as a Minotaur Berserker on Feb 1, 2023.
             Was a Priest of Trog.
             Quit the game on level 5 of the Dungeon.
             The game lasted 00:15:18 (4458 turns).

cheesebisquit the Cleaver (Minotaur Berserker)      Turns: 4458, Time: 00:15:18

Health: 3/64       AC: 10    Str: 24    XL:     8   Next: 44%
Magic:  7/7        EV:  9    Int:  8    God:    Trog [***...]
Gold:   426        SH: 12    Dex: 14    Spells: 7/7 levels left

rFire   + + +      SeeInvis .    a - +0 hand axe
rCold   + . .      Faith    .    c - +0 kite shield
rNeg    . . .      Spirit   .    B - +4 ring mail {rF+}
rPois   +          Reflect  +    (helmet restricted)
rElec   +          Harm     .    (no cloak)
rCorr   +          Rampage  .    (no gloves)
Will    .....                    D - +0 pair of boots
Stlth   +                        d - amulet of Vehumet's Whim {Reflect rElec Will- Int+4 Dex+4 SH+5}
HPRegen 0.30/turn                C - ring of protection from fire
MPRegen 0.10/turn                (no ring)

@: mighty, lethally poisoned (3 -> -6), resistant, on berserk cooldown
A: horns 2, retaliatory headbutt, hooves 1
a: Renounce Religion, Berserk, Trog's Hand


You were on level 5 of the Dungeon.
You worshipped Trog.
Trog was most pleased with you.
You visited 1 branch of the dungeon, and saw 5 of its levels.
You also visited: Ossuary.

You collected 426 gold pieces.

Inventory:

Hand Weapons
 a - a +0 hand axe (weapon)
Missiles
 f - a throwing net
 u - 4 poisoned darts (quivered)
Armour
 c - a +0 kite shield (worn)
 B - a +4 ring mail of fire resistance (worn)
 D - a +0 pair of boots (worn)
Jewellery
 d - the amulet of Vehumet's Whim (around neck) {Reflect rElec Will- Int+4 Dex+4 SH+5}
   (You acquired it on level 4 of the Dungeon)

   [amulet of reflection]

   It reflects blocked missile attacks.
   Int:       It affects your intelligence (+4).
   Dex:       It affects your dexterity (+4).
   rElec:     It insulates you from electricity.
   SH:        It affects your SH (+5).
   Will:      It decreases your willpower.
 s - an amulet of guardian spirit
 C - a ring of protection from fire (left hand)
Wands
 p - a wand of digging (5)
Scrolls
 b - 2 scrolls of fear
 g - a scroll of immolation
 h - 3 scrolls of enchant armour {unknown}
 i - 3 scrolls of teleportation {unknown}
 k - 2 scrolls of enchant weapon
 m - a scroll of fog {unknown}
 n - 2 scrolls of amnesia {unknown}
 o - a scroll of vulnerability {unknown}
 r - a scroll of poison {unknown}
 x - a scroll of blinking {unknown}
 y - a scroll of noise {unknown}
Potions
 l - a potion of brilliance {unknown}
 t - a potion of lignification {unknown}
 v - a potion of resistance
 w - a potion of attraction {unknown}
 z - a potion of degeneration {unknown}
 A - a potion of cancellation {unknown}
 E - a potion of magic {unknown}


   Skills:
 - Level 3.6 Fighting
 + Level 12.9 Axes
 - Level 2.4 Armour
 - Level 2.1 Dodging


You had 7 spell levels left.
You didn't know any spells.
Your spell library was empty.

Dungeon Overview and Level Annotations

Branches:
Dungeon (5/15)            Ossuary (visited)
 Temple: D:4-7

Altars:
The Shining One

Shops:
D:1 (

Annotations:
D:3 3 runed translucent doors, baller8008's ghost, amateur AtFi


Innate Abilities, Weirdness & Mutations

You have a pair of horns on your head.
You reflexively headbutt those who attack you in melee.
You have large cloven feet.


Message History

The gnoll sergeant hits you with a +0 spear.
The gnoll hits you with a +2 spear of venom.
You feel protected.
You feel yourself speed up.
You feel very sick. The gnoll barely misses you. You furiously retaliate!
You headbutt the gnoll.
The gnoll sergeant hits you but does no damage.
The gnoll hits you but does no damage.
You feel very mighty all of a sudden.
You feel sick. You block the gnoll's attack.
The gnoll sergeant closely misses you.
The gnoll hits you with a +2 spear of venom.
* * * LOW HITPOINT WARNING * * *
You are lethally poisoned!
You hit the gnoll sergeant. You headbutt the gnoll sergeant!
The gnoll sergeant is severely wounded.
You slash the gnoll!
You kill the gnoll!
Trog accepts your kill.
You slash the gnoll!
You kill the gnoll!
Trog accepts your kill.
* * * LOW HITPOINT WARNING * * *
You feel very sick. The gnoll sergeant closely misses you.
You furiously retaliate!
You headbutt the gnoll sergeant! You hit the gnoll sergeant.
You kill the gnoll sergeant!
Trog accepts your kill.
* * * LOW HITPOINT WARNING * * *
You feel very sick.
Really quaff the potion of mutation?
You feel extremely strange.
Your feet thicken and deform.
* * * LOW HITPOINT WARNING * * *
You feel very sick.
Okay, then.
(D) Dungeon
Where to? (Enter - D:4 @ (x,y), ? - help)
Okay, then.
Are you sure you want to abandon this character and quit the game? (Confirm with "yes".)

###### #....###
#.##...# ♣.♣###.# ♣♣)♣♣
#.## ♣)))♣ #..#######
♣..@♣ ##.......#####
♣...))♣ #######.#....
♣)..♣.♣ #.#.###
♣..♣....♣ ######.#.#..
♣........)♣#...##......
♣.###'###.♣#......#....
♣. ..... .♣#......###.#
♣ #... .♣#......###.#
#...........


There were no monsters in sight!

Vanquished Creatures
  Grinder (D:3)
  Sigmund (D:3)
  2 ogres (D:4)
  A phantom (D:5)
  A gnoll sergeant (D:5)
  A scorpion (D:5)
  A gnoll bouda (D:5)
  Jessica (D:3)
  Natasha (twice) (D:3)
  3 orc wizards
  Ijyb (D:3)
  Terence (D:3)
  8 mummies (Ossuary)
  Robin (D:3)
  21 gnolls
  3 adders
  A dart slug (D:1)
  15 orcs
  15 ball pythons
  6 bats
  8 endoplasms
  2 giant cockroaches (D:4)
  16 goblins
  5 hobgoblins
  3 jackals (D:5)
  5 quokkas
  4 frilled lizards
  3 gnoll zombies (Ossuary)
  4 hobgoblin zombies (Ossuary)
  8 kobolds
  A kobold zombie (Ossuary)
  7 rats
152 creatures vanquished.

Vanquished Creatures (others)
  A plant (D:3)
1 creature vanquished.

Grand Total: 153 creatures vanquished

Notes
Turn   | Place    | Note
-------+----------+-------------------------------------------
     0 | D:1      | cheesebisquit the Minotaur Berserker began the quest for
                  | the Orb.
     0 | D:1      | Reached XP level 1. HP: 19/19 MP: 0/0
    22 | D:1      | Reached skill level 4 in Axes
    69 | D:1      | Found Quwn's Antique Weapon Emporium.
    97 | D:1      | Reached XP level 2. HP: 25/26 MP: 1/1
   225 | D:1      | Reached skill level 5 in Axes
   230 | D:1      | Reached ** piety under Trog
   233 | D:1      | Reached XP level 3. HP: 17/31 MP: 2/2
  1098 | D:2      | Reached skill level 6 in Axes
  1098 | D:2      | Reached XP level 4. HP: 39/39 MP: 3/3
  1439 | D:2      | Found a glowing golden altar of the Shining One.
  1806 | D:3      | Noticed Natasha
  1814 | D:3      | Killed Natasha
  1830 | D:3      | Found a runed translucent gate.
  1831 | D:3      | Found a runed translucent gate.
  1837 | D:3      | Noticed baller8008's ghost (amateur AtFi)
  1840 | D:3      | Noticed Natasha
  1855 | D:3      | Noticed Grinder
  1868 | D:3      | Killed Grinder
  1869 | D:3      | Reached skill level 8 in Axes
  1869 | D:3      | Reached XP level 5. HP: 45/45 MP: 4/4
  1869 | D:3      | Reached XP level 6. HP: 51/51 MP: 5/5
  2018 | D:3      | Noticed Ijyb
  2020 | D:3      | Noticed Terence
  2028 | D:3      | Killed Ijyb
  2034 | D:3      | Killed Terence
  2179 | D:3      | Reached skill level 9 in Axes
  2240 | D:3      | Killed Natasha
  2279 | D:3      | Noticed Robin
  2291 | D:3      | Killed Robin
  2428 | D:3      | Noticed Jessica
  2433 | D:3      | Killed Jessica
  2435 | D:3      | Found a runed translucent gate.
  2457 | D:3      | Noticed Sigmund
  2477 | D:3      | Killed Sigmund
  2478 | D:3      | Reached skill level 10 in Axes
  2478 | D:3      | Reached XP level 7. HP: 35/57 MP: 6/6
  3079 | D:4      | Identified a scroll of acquirement
  3081 | D:4      | Acquired the amulet of Vehumet's Whim {Reflect rElec Will-
                  | Int+4 Dex+4 SH+5}
  3115 | D:4      | Found a sand-covered staircase.
  3120 | Ossuary  | Entered an ossuary
  3507 | D:4      | Reached skill level 11 in Axes
  3644 | D:4      | Reached XP level 8. HP: 64/64 MP: 7/7
  3920 | D:5      | Entered Level 5 of the Dungeon
  4193 | D:5      | Reached skill level 12 in Axes
  4289 | D:5      | Reached *** piety under Trog
  4457 | D:5      | Gained mutation: You have large cloven feet. [potion of
                  | mutation]
  4457 | D:5      | HP: 3/64 [poisoned by a gnoll]
  4458 | D:5      | Quit the game

Illustrated notes

Levels and vault maps discovered:
D:1:      tarquinn_simple_flora_water_a, layout_basic, serial_shops, shop,
          serial_forest, infiniplex_forest_clump_long,
          infiniplex_forest_straight_2, infiniplex_forest_zigzag_1,
          infiniplex_forest_lined_room_2, infiniplex_forest_lined_room_2,
          infiniplex_forest_lined_2, infiniplex_forest_clump_tiny,
          infiniplex_forest_end_double, serial_bayou_pond_d, item_on_display_a
D:2:      layout_basic, basic_altar, minmay_misc_feat_square
D:3:      layout_loops_cross, gammafunk_ghost_split, serial_glass,
          glass_columns_a, glass_columns_b, minmay_strange_pillars,
          minmay_strange_pillars, nrook_uturn, minivault_5, minmay_crystal_room,
          minivault_27, grunt_ministairs_3, minmay_shallow_snake_nest,
          uniq_terence, uniq_grinder, uniq_robin, uniq_natasha, uniq_jessica,
          uniq_ijyb, uniq_sigmund
D:4:      layout_loops_ring, enter_ossuary_2, minmay_close_crescents
D:5:      layout_loops_ring, temple_hall, pf_guarded_unrand_woodcutter

Skill      XL: |  1  2  3  4  5  6  7  8 |
---------------+-------------------------+-----
Axes           | 4 5 6 8 10 11 12 | 12.9
Fighting       | |  3.6
Armour         | |  2.4
Dodging        | |  2.1

Action                     |  1- 3 |  4- 6 |  7- 9 || total
---------------------------+-------+-------+-------++-------
  Melee: Hand axe          |    73 |    88 |   168 ||   329
         Headbutt          |    14 |     9 |    28 ||    51
  Throw: Dart              |       |       |    10 ||    10
 Invoke: Trog's Hand       |     1 |     5 |     6 ||    12
         Berserk           |     1 |     4 |     4 ||     9
  Evoke: Wand              |       |       |     2 ||     2
    Use: Scroll            |       |       |     9 ||     9
         Potion            |       |       |    11 ||    11
 Armour: Animal skin       |    12 |     4 |       ||    16
         Chain mail        |       |    31 |    34 ||    65
         Ring mail         |       |       |    28 ||    28
  Dodge: Dodged            |    47 |    33 |    51 ||   131
  Block: Kite shield       |    18 |    23 |    95 ||   136

Table legend: (Time is in decaauts)
 A = Elapsed time spent in this place.
 B = Non-inter-level travel time spent in this place.
 C = Inter-level travel time spent in this place.
 D = Time resting spent in this place.
 E = Time spent auto-exploring this place.
 F = Levels seen in this place.
 G = Mean time per level.
                   A        B        C        D        E       F      G
               +--------+--------+--------+--------+--------+-----+--------+
         Total |   4534 |   4298 |    236 |    113 |   3188 |   6 |  755.7 |
       Dungeon |   4175 |   3939 |    236 |    113 |   2940 |   5 |  835.0 |
       Ossuary |    359 |    359 |      0 |      0 |    248 |   1 |  359.0 |
               +--------+--------+--------+--------+--------+-----+--------+

Top non-repeatable levels by time:
     D:3: 1167 daAuts
     D:2: 953 daAuts
     D:1: 832 daAuts
     D:4: 676 daAuts
     D:5: 546 daAuts
 Ossuary: 359 daAuts
